 Dungeon Crawl Stone Soup version 0.24.0-123-gd5b16e6ec5 (webtiles) character file.

Game seed: 9245206076819021641, levelgen mode: deterministic

15026 Sayna the Basher (level 11, -9/97 HPs)
             Began as a Minotaur Fighter on Jan 18, 2020.
             Killed from afar by an ogre mage (22 damage)
             ... with a bolt of poison
             ... on level 2 of the Orcish Mines.
             The game lasted 00:53:22 (11631 turns).

Sayna the Basher (Minotaur Fighter)                Turns: 11631, Time: 00:53:22

Health: -9/97      AC: 17    Str: 26    XL:     11   Next: 96%
Magic:  10/10      EV:  8    Int:  5    God:
Gold:   971        SH: 20    Dex: 16    Spells: 10/10 levels left

rFire    + + .     SeeInvis .   k - +3 flail (protect)
rCold    x . .     Gourm    .   y - +1 large shield {reflect}
rNeg     + . .     Faith    .   l - +1 chain mail
rPois    .         Spirit   .   (helmet restricted)
rElec    .         Reflect  +   E - +2 cloak of Honour {rC- Regen+ rCorr Stlth+}
rCorr    +         Harm     .   (no gloves)
MR       .....                  (no boots)
Stlth    +.........             p - amulet of regeneration
HPRegen  1.06/turn              h - ring of protection from cold
MPRegen  0.12/turn              n - ring of the Garden {Fire +Inv rN+ Str+4 Stlth+}

@: lethally poisoned (-9 -> -24), about to teleport
A: retaliatory headbutt, horns 2, agile 2, fire resistance 1
a: Evoke Invisibility


You were on level 2 of the Orcish Mines.
You were hungry.

You visited 2 branches of the dungeon, and saw 13 of its levels.

You collected 1205 gold pieces.
You spent 234 gold pieces at shops.

Inventory:

Hand Weapons
 k - a +3 flail of protection (weapon)
 q - a +0 mace of holy wrath
Armour
 l - a +1 chain mail (worn)
 y - a +1 large shield of reflection (worn)
 E - the +2 cloak of Honour (worn) {rC- Regen+ rCorr Stlth+}
   (You found it on level 10 of the Dungeon)

   It makes you vulnerable to cold.
   It increases your rate of regeneration.
   It provides partial protection from all sources of acid and corrosion.
   It makes you more stealthy.
Jewellery
 h - a ring of protection from cold (left hand)
 j - an uncursed ring of ice
 n - the ring of the Garden (right hand) {Fire +Inv rN+ Str+4 Stlth+}
   (You found it on level 9 of the Dungeon)

   [ring of fire]

   It enhances your fire magic.
   It affects your strength (+4).
   It protects you from fire.
   It makes you vulnerable to cold.
   It protects you from negative energy.
   It lets you turn invisible.
   It makes you more stealthy.
 p - an amulet of regeneration (around neck)
Wands
 a - a wand of flame (1)
 b - a wand of disintegration (22)
 o - a wand of paralysis (5)
 G - a wand of enslavement (19)
 I - a wand of acid (10)
Scrolls
 e - a scroll of teleportation
 s - 4 scrolls of remove curse
 u - 2 scrolls of magic mapping
 w - 2 scrolls of enchant armour
 x - 2 scrolls of blinking
 B - a scroll of amnesia
 C - a scroll of identify
Potions
 c - a potion of degeneration {unknown}
 d - a potion of might
 g - a potion of mutation
 i - 2 potions of berserk rage
 m - a potion of brilliance
 r - 2 potions of invisibility
 t - a potion of agility
 z - 4 potions of curing
 A - a potion of flight {unknown}
 D - 3 potions of heal wounds
 F - 2 potions of lignification {unknown}
 H - a potion of haste
Comestibles
 f - 19 rations


   Skills:
 + Level 9.3 Fighting
 + Level 13.2 Maces & Flails
 * Level 12.5 Armour
 + Level 4.0 Dodging
 + Level 0.3 Stealth
 + Level 11.4 Shields
 + Level 0.1 Evocations


You had 10 spell levels left.
You didn't know any spells.
Your spell library contained the following spells:

 Spells                   Type           Power        Failure   Level  Hunger
 Magic Dart               Conj           #...         100%        1    ##.....
 Summon Butterflies       Summ           #.......     100%        1    ##.....
 Summon Small Mammal      Summ           #...         100%        1    ##.....
 Blink                    Tloc           N/A          100%        2    ###....
 Call Imp                 Summ           #.......     100%        2    ###....
 Searing Ray              Conj           #.....       100%        2    ###....
 Slow                     Hex            #.......     100%        2    ###....
 Call Canine Familiar     Summ           #.......     100%        3    ####...
 Conjure Flame            Conj/Fire      #.......     100%        3    ####...
 Dazzling Spray           Conj/Hex       #.....       100%        3    ####...
 Mephitic Cloud           Conj/Pois/Air  #.......     100%        3    ####...
 Summon Guardian Golem    Hex/Summ       #.......     100%        3    ####...
 Force Lance              Conj/Tloc      #.......     100%        4    #####..
 Fulminant Prism          Conj/Hex       #.........   100%        4    #####..
 Iskenderun's Mystic Bla  Conj           #.......     100%        4    #####..
 Summon Ice Beast         Ice/Summ       #.......     100%        4    #####..
 Summon Lightning Spire   Summ/Air       #.......     100%        4    #####..
 Summon Mana Viper        Hex/Summ       #.......     100%        5    ######.
 Summon Hydra             Summ           #.........   100%        7    #######


Dungeon Overview and Level Annotations

Branches:
Dungeon (11/15)            Temple (0/1) D:6             Orc (2/2) D:11
    Elf (0/3) Orc:2
   Lair: D:8-11

Altars:
Dithmenos
Elyvilon
Gozag
Okawaru
Qazlal
Ru

Shops:
Orc:1 !

Portals:
Ice
Cave: Orc:1


Innate Abilities, Weirdness & Mutations

You reflexively headbutt those who attack you in melee.
You have a pair of horns on your head.
You are very agile. (Dex +4)
Your flesh is heat resistant. (rF+)


Message History

You block the two-headed ogre's attack.
The two-headed ogre hits you with a +0 giant spiked club!
You miss something. You headbutt something.
You feel sick.
The two-headed ogre hits you with a +0 giant spiked club.
You block the two-headed ogre's attack.
You hear some strange, mumbled words.
A bolt of poison appears from out of thin air!
The bolt of poison hits you!
You are more poisoned.
As you read the scroll of teleportation, it crumbles to dust.
You feel strangely unstable.
You feel sick.
The two-headed ogre hits you with a +0 giant spiked club! x2
* * * LOW HITPOINT WARNING * * *
The ogre mage hits you from afar with a +0 halberd.
* * * LOW HITPOINT WARNING * * *
You hear some strange, mumbled words.
A bolt of poison appears from out of thin air!
The bolt of poison hits you!!
You are lethally poisoned!
You die...

##..............#..
#..................
#.................. #..
#..........##...... #..
####.........###......
#..###...........###.......
#...#...........## ##....<. O
#....###.........# ##.....
..#...>#####@......# ###.....
........#.#O#......# #.......
..O..$O.)OOO.OO....# #.......
..#....$#.OO#...............#
#..........................
#.......................###
#....#..#.###...........
#........## ...........
#....$..## ...........


You could see 2 two-headed ogres, an ogre mage and 5 ogres.

Vanquished Creatures
  Fannar (Orc:1)
  Erica (Orc:1)
  2 two-headed ogres
  The ghost of Peloso the Carver, a novice MiFi (D:9)
  2 deep elf magi (D:11)
  4 trolls
  2 hornets
  A meliai zombie (D:10)
  A spriggan (D:7)
  12 yaks
  2 wyverns
  3 wargs
  Edmund (D:4)
  A swamp drake (D:11)
  2 water moccasins
  7 orc warriors
  5 ice beasts
  3 sky beasts
  4 phantoms
  8 centaurs
  A necrophage (D:7)
  8 ogres
  3 wolves (D:9)
  A big kobold (D:11)
  A gnoll sergeant (D:9)
  4 bullfrogs
  A wyvern zombie (D:10)
  3 scorpions
  A hornet simulacrum (D:9)
  7 killer bees
  4 wights (D:9)
  6 howler monkeys
  3 electric eels
  8 crimson imps
  A bullfrog zombie (D:6)
  A quasit (D:6)
  3 jellies
  12 orc priests
  A bullfrog skeleton (D:5)
  6 hounds
  Crazy Yiuf (D:4)
  A centaur skeleton (D:7)
  An iron imp (D:11)
  12 orc wizards
  3 iguanas
  10 worker ants
  2 centaur simulacra (D:9)
  2 hound skeletons
  Robin (D:4)
  4 gnolls (D:9)
  14 adders
  8 shadow imps
  2 white imps
  3 oozes
  An adder skeleton (D:8)
  A worm (D:3)
  3 dart slugs
  An adder simulacrum (D:9)
  11 leopard geckos
  63 orcs
  5 bats
  4 giant cockroaches
  17 goblins
  14 hobgoblins
  11 jackals
  5 quokkas
  A ball python (D:1)
  5 frilled lizards
  A jackal simulacrum (D:9)
  9 kobolds
  A leopard gecko skeleton (D:4)
  A leopard gecko zombie (D:6)
  A quokka zombie (D:7)
  11 rats
  A bush (D:3)
369 creatures vanquished.

Vanquished Creatures (others)
  An orc (Orc:1)
  3 kobolds (D:11)
4 creatures vanquished.

Grand Total: 373 creatures vanquished

Notes
Turn   | Place    | Note
-------+----------+-------------------------------------------
     0 | D:1      | Sayna the Minotaur Fighter began the quest for the Orb.
     0 | D:1      | Reached XP level 1. HP: 19/19 MP: 0/0
     6 | D:1      | Noticed a minotaur
     7 | D:1      | Noticed an ogre
    16 | D:1      | Noticed a dwarf
    82 | D:1      | Reached XP level 2. HP: 27/27 MP: 1/1
   159 | D:1      | Reached skill level 3 in Maces & Flails
   348 | D:1      | Reached XP level 3. HP: 33/33 MP: 2/2
  1613 | D:2      | Found an iron altar of Okawaru.
  1630 | D:2      | Reached skill level 1 in Dodging
  2035 | D:3      | Reached XP level 4. HP: 36/40 MP: 3/3
  2046 | D:3      | Gained mutation: Your spells are a little harder to cast,
                  | but a little more powerful. [potion of mutation]
  2046 | D:3      | Gained mutation: You possess an exceptional clarity of
                  | mind. [potion of mutation]
  2046 | D:3      | Gained mutation: You are robust. (+10% HP) [potion of
                  | mutation]
  2046 | D:3      | Gained mutation: You have large cloven feet. [potion of
                  | mutation]
  2046 | D:3      | HP: 1/44 [orc/+0 trident of freezing (2)]
  2256 | D:3      | Reached skill level 4 in Maces & Flails
  2651 | D:3      | Found a shadowy altar of Dithmenos.
  2676 | D:3      | Reached XP level 5. HP: 50/50 MP: 4/4
  3066 | D:4      | Reached skill level 5 in Armour
  3280 | D:4      | Noticed Edmund
  3317 | D:4      | Killed Edmund
  3317 | D:4      | Reached skill level 5 in Maces & Flails
  3317 | D:4      | Reached XP level 6. HP: 28/58 MP: 5/5
  3812 | D:4      | Noticed Robin
  3831 | D:4      | Killed Robin
  3911 | D:4      | Found a runed translucent door.
  3912 | D:4      | Noticed Crazy Yiuf
  3918 | D:4      | Killed Crazy Yiuf
  4021 | D:4      | Reached XP level 7. HP: 56/66 MP: 6/6
  4174 | D:4      | Reached skill level 5 in Shields
  4547 | D:5      | Entered Level 5 of the Dungeon
  4595 | D:5      | Reached skill level 6 in Maces & Flails
  5013 | D:5      | Reached XP level 8. HP: 73/73 MP: 7/7
  5354 | D:6      | Reached skill level 5 in Fighting
  5354 | D:6      | Reached skill level 7 in Maces & Flails
  5567 | D:6      | Found a staircase to the Ecumenical Temple.
  6018 | D:6      | Found a white marble altar of Elyvilon.
  6018 | D:6      | Found an opulent altar of Gozag.
  6105 | D:6      | Lost mutation: You possess an exceptional clarity of mind.
                  | [potion of mutation]
  6105 | D:6      | Lost mutation: You have large cloven feet. [potion of
                  | mutation]
  6105 | D:6      | Lost mutation: Your spells are a little harder to cast, but
                  | a little more powerful. [potion of mutation]
  6105 | D:6      | Lost mutation: You are robust. (+10% HP) [potion of
                  | mutation]
  6105 | D:6      | Gained mutation: You are agile. (Dex +2) [potion of
                  | mutation]
  6120 | D:7      | Reached skill level 8 in Maces & Flails
  6420 | D:7      | Reached XP level 9. HP: 72/75 MP: 8/8
  6438 | D:7      | Reached skill level 9 in Maces & Flails
  6545 | D:7      | You fall into a shaft and drop 2 floors!
  6670 | D:9      | Found a sacrificial altar of Ru.
  6827 | D:9      | Noticed a troll
  6865 | D:9      | Killed a troll
  6865 | D:9      | Reached skill level 10 in Maces & Flails
  6961 | D:9      | Reached skill level 10 in Armour
  6981 | D:9      | Reached XP level 10. HP: 46/84 MP: 9/9
  7211 | D:9      | Found a runed translucent gate.
  7211 | D:9      | Found a runed translucent gate.
  7211 | D:9      | Found a runed translucent gate.
  7295 | D:9      | Noticed Peloso's ghost (novice MiFi)
  7315 | D:9      | Killed Peloso's ghost
  7315 | D:9      | Reached skill level 11 in Maces & Flails
  7334 | D:9      | Got the ring of the Garden {Fire}
  7733 | D:8      | Found a flagged portal.
  7758 | D:8      | Noticed a two-headed ogre
  7781 | D:8      | Killed a two-headed ogre
  8260 | D:8      | Found a stormy altar of Qazlal.
  8546 | D:7      | Lost mutation: You are agile. (Dex +2) [potion of mutation]
  8546 | D:7      | Gained mutation: You are agile. (Dex +2) [potion of
                  | mutation]
  8546 | D:7      | Gained mutation: You are very agile. (Dex +4) [potion of
                  | mutation]
  8546 | D:7      | Gained mutation: Your flesh is heat resistant. (rF+)
                  | [potion of mutation]
  8886 | D:10     | Entered Level 10 of the Dungeon
  8965 | D:10     | Reached skill level 12 in Maces & Flails
  9136 | D:10     | Got a crude cloak
  9150 | D:10     | Identified the ring of the Garden {Fire +Inv rN+ Str+4
                  | Stlth+} (You found it on level 9 of the Dungeon)
  9246 | D:10     | Reached XP level 11. HP: 94/94 MP: 10/10
  9398 | D:10     | Reached skill level 10 in Shields
 10041 | D:11     | Found a staircase to the Orcish Mines.
 10330 | D:11     | Noticed a deep elf mage
 10356 | D:11     | Killed a deep elf mage
 10828 | D:11     | Noticed a deep elf mage
 10844 | D:11     | Killed a deep elf mage
 10891 | D:11     | Identified the +2 cloak of Honour {rC- Regen+ rCorr Stlth+}
                  | (You found it on level 10 of the Dungeon)
 10907 | Orc:1    | Entered Level 1 of the Orcish Mines
 10907 | Orc:1    | Found Zucrem's Distillery.
 10910 | Orc:1    | Noticed Erica
 10935 | Orc:1    | Killed Erica
 10983 | Orc:1    | Found a frozen archway.
 10985 | Orc:1    | Bought a potion of heal wounds for 65 gold pieces
 10985 | Orc:1    | Bought a potion of heal wounds for 65 gold pieces
 10985 | Orc:1    | Bought a potion of curing for 39 gold pieces
 10985 | Orc:1    | Bought a potion of heal wounds for 65 gold pieces
 11265 | Orc:1    | Noticed Fannar
 11295 | Orc:1    | Killed Fannar
 11295 | Orc:1    | Reached skill level 13 in Maces & Flails
 11462 | Orc:2    | Entered Level 2 of the Orcish Mines
 11603 | Orc:2    | Found a staircase to the Elven Halls.
 11607 | Orc:2    | Noticed a two-headed ogre
 11608 | Orc:2    | Noticed a two-headed ogre
 11608 | Orc:2    | Noticed an ogre mage
 11609 | Orc:2    | Noticed a two-headed ogre
 11613 | Orc:2    | Noticed a two-headed ogre
 11616 | Orc:2    | Noticed an ogre mage
 11618 | Orc:2    | Killed a two-headed ogre
 11631 | Orc:2    | Killed from afar by an ogre mage

Levels and vault maps discovered:
D:1:      shiori_arrival_whats_in_store_for_you, layout_basic, roderic_lattice_a
D:2:      layout_basic, nicolae_overflow_crystal_walls, minmay_tetromino_l4
D:3:      layout_loops_ring, grunt_dithmenos_smoke_and_mirrors, serial_forest,
          infiniplex_forest_clump_curved, infiniplex_forest_end_3,
          infiniplex_forest_clump_double, infiniplex_forest_corner_2,
          infiniplex_forest_side_room, infiniplex_forest_lined_2,
          infiniplex_forest_pool, infiniplex_forest_fountain, first_ration
D:4:      layout_layer_cave, serial_forest, infiniplex_forest_clump_cross,
          infiniplex_forest_fountain, infiniplex_forest_straight_4,
          infiniplex_forest_lined_corner, infiniplex_forest_zigzag_1,
          infiniplex_forest_3_way, chequers_serial_rivers_room_b, uniq_robin,
          uniq_edmund, uniq_crazy_yiuf_cottage
D:5:      layout_gridville
D:6:      layout_gridville, gammafunk_temple_overflow_elements,
          minmay_temple_entry_hall
D:7:      layout_rooms, serial_corexii_hall, chequers_hall_statues_corner_a,
          corexii_hall_statues_i, corexii_hall_statues_x,
          corexii_hall_statues_x, chequers_hall_statues_wall_a,
          chequers_hall_statues_y, the_bakery
D:8:      layout_rooms, lemuel_crystal_altar, enter_bailey_6,
          lemuel_statue_altar
D:9:      layout_stronghold, nicolae_ru_awakened_eye, erik_lair_island,
          gammafunk_ghost_icy
D:10:     layout_basic, st_stairs_10, nicolae_water_bricks
D:11:     layout_basic, erik_orc_4, hangedman_minor_magic
Orc:1:    layout_caves, serial_shops, shop_statue,
          portal_ice_cave_entry_pillars_2, uniq_fannar, uniq_erica
Orc:2:    st_orc_ogre_mass, layout_diamond_mine, ebering_ghost_rock_garden

Skill      XL: |  1  2  3  4  5  6  7  8  9 10 11 |
---------------+----------------------------------+-----
Maces & Flails | 3 4 5 6 8 10 12 13 | 13.2
Fighting       | 4 5 6 7 9 |  9.3
Shields        | 4 5 6 8 9 11 | 11.4
Armour         | 4 5 6 7 8 10 11 12 | 12.5
Dodging        | 1 2 3 4 |  4.0
Stealth        | |  0.3
Evocations     | |  0.1

Action                   |  1- 3 |  4- 6 |  7- 9 | 10-12 || total
-------------------------+-------+-------+-------+-------++-------
Melee: Flail             |    82 |     3 |   362 |   637 ||  1084
       Headbutt          |    12 |    41 |    77 |   162 ||   292
       Mace              |    49 |   187 |       |       ||   236
       Kick              |       |    55 |    44 |       ||    99
Evoke: Wand              |       |     1 |     1 |     5 ||     7
  Use: Scroll            |     7 |     4 |     2 |    11 ||    24
       Potion            |       |     6 |     5 |     3 ||    14
  Eat: Chunk             |     3 |     4 |     3 |     5 ||    15
       Ration            |       |     1 |     2 |     3 ||     6
Armor: Scale mail        |    44 |    19 |       |       ||    63
       Chain mail        |       |    44 |   157 |   218 ||   419
Dodge: Dodged            |    43 |    43 |    83 |   131 ||   300
Block: Shield            |    61 |    89 |   157 |   105 ||   412
       Large shield      |       |       |       |   381 ||   381
       Reflection        |       |       |       |    14 ||    14
